 Seeded DCSS version 0.28-a0-1130-gc51a68064b (webtiles) character file.

Game seed: 8197062223022065933 (custom seed)

125 croobank the Skirmisher (level 5, -1/42 HPs)
             Began as a Human Berserker on Dec 12, 2021.
             Was a Believer of Trog.
             Killed from afar by an orc wizard (10 damage)
             ... with a puff of flame
             ... on level 3 of the Dungeon.
             The game lasted 00:10:39 (3030 turns).

croobank the Skirmisher (Human Berserker)           Turns: 3030, Time: 00:10:40

Health: -1/42      AC:  2    Str: 19    XL:     5   Next: 30%
Magic:  5/5        EV: 12    Int:  8    God:    Trog [**....]
Gold:   35         SH:  0    Dex: 12    Spells: 4/4 levels left

rFire   . . .      SeeInvis .   a - +0 hand axe
rCold   . . .      Faith    .   (no shield)
rNeg    . . .      Spirit   .   b - +0 animal skin
rPois   .          Reflect  .   (no helmet)
rElec   .          Harm     .   (no cloak)
rCorr   .          Rampage  .   (no gloves)
Will    .....                   (no boots)
Stlth   +.........              (no amulet)
HPRegen 0.14/turn               (no ring)
MPRegen 0.09/turn               (no ring)

@: mighty
A: no striking features
a: Renounce Religion, Berserk, Trog's Hand


You were on level 3 of the Dungeon.
You worshipped Trog.
Trog was pleased with you.
You visited 1 branch of the dungeon, and saw 3 of its levels.

You collected 35 gold pieces.

Inventory:

Hand Weapons
 a - a +0 hand axe (weapon)
Missiles
 d - 18 stones (quivered)
Armour
 b - a +0 animal skin (worn)
Jewellery
 n - a ring of ice
Scrolls
 e - a scroll of vulnerability {unknown}
 f - 2 scrolls of enchant weapon {unknown}
 h - 2 scrolls of immolation
 i - a scroll of summoning {unknown}
 j - a scroll of magic mapping {unknown}
 l - a scroll of noise {unknown}
Potions
 c - a potion of degeneration {unknown}
 g - a potion of heal wounds {unknown}
 k - a potion of might
 m - a potion of curing {unknown}


   Skills:
 + Level 3.8 Fighting
 + Level 3.7 Axes
 + Level 2.9 Armour
 + Level 3.1 Dodging


You had 4 spell levels left.
You didn't know any spells.
Your spell library contained the following spells:

 Spells                   Type           Power      Damage    Failure   Level
 Animate Skeleton         Necr           0%         N/A       41%         1
 Pain                     Necr           0%         1d4       41%         1
 Vampiric Draining        Necr           0%         2d6       78%         3


Dungeon Overview and Level Annotations

Branches:
Dungeon (3/15)

Altars:


Message History

Something hits you but does no damage.
You bump into the rock wall.
You feel less confused. The orc hits you with a +0 club.
You barely miss the orc.
The orc is almost dead.
The orc barely misses you.
You hit the orc.
You kill the orc!
Trog accepts your kill.
You closely miss the adder. The adder misses you. x2
You hit the adder.
The adder is moderately wounded.
The adder closely misses you.
You miss the adder.
The adder is moderately wounded.
The adder bites you but does no damage. The adder bites you.
You hit the adder.
The adder is heavily wounded.
The adder misses you.
You hit the adder.
The adder is almost dead.
The adder closely misses you. The adder bites you.
You are poisoned.
The adder poisons you!
It was a potion of might.
You feel very mighty all of a sudden.
You feel sick. The adder closely misses you.
You slash the adder!
You kill the adder!
Trog accepts your kill.
You feel sick.
You hear some strange, mumbled words.
Something tries to affect you, but you resist.
You feel sick.
You are no longer poisoned.
You hear some strange, mumbled words.
A puff of flame appears from out of thin air!
The puff of flame hits you!
You die...

#.# #.# #.# #.#
##########
##.####.........
######...............
.........###.........
........#####).......
............@{.......
#......######..###.##
#...... #..# #......
#..# ....... ....
#...... !.... ######.
....#. ...###..


There were no monsters in sight!

Vanquished Creatures
  Terence (D:2)
  4 adders
  A dart slug (D:1)
  2 orcs (D:3)
  2 ball pythons (D:2)
  7 endoplasms
  2 giant cockroaches (D:1)
  3 goblins (D:1)
  9 hobgoblins
  4 jackals (D:1)
  3 kobolds (D:1)
  A quokka (D:1)
  6 bats
  7 frilled lizards
  6 rats
58 creatures vanquished.

Notes
Turn   | Place    | Note
-------+----------+-------------------------------------------
     0 | D:1      | croobank the Human Berserker began the quest for the Orb.
     0 | D:1      | Reached XP level 1. HP: 18/18 MP: 1/1
   178 | D:1      | Reached XP level 2. HP: 21/24 MP: 2/2
   424 | D:1      | Found a faded altar of an unknown god.
   483 | D:1      | Reached XP level 3. HP: 24/29 MP: 3/3
   763 | D:1      | Reached ** piety under Trog
  1408 | D:2      | Reached XP level 4. HP: 15/35 MP: 4/4
  1671 | D:2      | Noticed Terence
  1692 | D:2      | Killed Terence
  1982 | D:2      | Reached XP level 5. HP: 24/42 MP: 5/5
  3030 | D:3      | Killed from afar by an orc wizard

Illustrated notes

Levels and vault maps discovered:
D:1:      dpeg_arrival_morbid_curiosity, layout_basic,
          hellmonk_ecumenical_altar_blasted
D:2:      layout_basic, serial_rivers, chequers_serial_rivers_micro_c,
          chequers_serial_rivers_small_3, chequers_serial_rivers_marsh,
          chequers_serial_rivers_small_a, chequers_serial_rivers_small_b,
          chequers_serial_rivers_small_a, minmay_tiny_reverse_x, uniq_terence
D:3:      layout_basic, grunt_temple_overflow_open, serial_glass,
          glass_columns_b, glass_columns_c

Skill      XL: |  1  2  3  4 |
---------------+-------------+-----
Dodging        | 3 |  3.1
Fighting       | |  3.8
Axes           | |  3.7
Armour         | |  2.9

Action                   |  1- 3 |  4- 6 || total
-------------------------+-------+-------++-------
Melee: Hand axe          |   121 |   100 ||   221
Throw: Stone             |       |     4 ||     4
  Use: Potion            |       |     1 ||     1
 Stab: Sleeping          |     4 |       ||     4
Armor: Animal skin       |    27 |    22 ||    49
Dodge: Dodged            |    95 |    72 ||   167

Table legend: (Time is in decaauts)
 A = Elapsed time spent in this place.
 B = Non-inter-level travel time spent in this place.
 C = Inter-level travel time spent in this place.
 D = Time resting spent in this place.
 E = Time spent auto-exploring this place.
 F = Levels seen in this place.
 G = Mean time per level.
                   A        B        C        D        E       F      G
               +--------+--------+--------+--------+--------+-----+--------+
         Total |   3072 |   3004 |     68 |    961 |   1488 |   3 | 1024.0 |
       Dungeon |   3072 |   3004 |     68 |    961 |   1488 |   3 | 1024.0 |
               +--------+--------+--------+--------+--------+-----+--------+

Top non-repeatable levels by time:
     D:2: 1839 daAuts
     D:1: 1183 daAuts
     D:3: 48 daAuts
